 Dungeon Crawl Stone Soup version 0.21.0-3-g78d12a8 (webtiles) character file.

12224 Moloch the Severer (level 11, -1/102 HPs)
             Began as a Hill Orc Fighter on Jan 14, 2018.
             Was an Elder of Okawaru.
             Slain by an orc warrior
             ... wielding a +0 halberd
              (36 damage)
             ... on level 11 of the Dungeon.
             The game lasted 00:16:06 (10860 turns).

Moloch the Severer (Hill Orc Fighter)              Turns: 10860, Time: 00:16:07

Health: -1/102     AC: 13    Str: 21    XL:     11   Next: 90%
Magic:  10/11      EV:  8    Int:  8    God:    Okawaru [****..]
Gold:   250        SH:  9    Dex: 14    Spells: 10/10 levels left

rFire    . . .     SeeInvis .   s - +1 war axe (flame)
rCold    . . .     Gourm    +   c - +0 shield
rNeg     . . .     Faith    .   D - +0 plate armour
rPois    .         Spirit   .   (no helmet)
rElec    .         Reflect  .   (no cloak)
rCorr    .         Harm     .   H - +0 pair of gloves of Curioxi {MR+ Dex+2}
MR       +....                  (no boots)
Stlth    ..........             i - amulet of the gourmand
HPRegen  0.27/turn              (no ring)
MPRegen  0.12/turn              M - +4 ring of evasion

@: no status effects
A: no striking features
a: Heroism, Renounce Religion


You were on level 11 of the Dungeon.
You worshipped Okawaru.
Okawaru was greatly pleased with you.
You were completely stuffed.

You visited 2 branches of the dungeon, and saw 12 of its levels.

You collected 683 gold pieces.
You spent 433 gold pieces at shops.

Inventory:

Hand Weapons
 s - a +1 war axe of flaming (weapon)
 N - the +5 flail of Regicide {drain, +Blink +Rage rPois Stlth+}
   (You found it on level 10 of the Dungeon)

   A truly terrible weapon, it drains the life of those it strikes.
   It protects you from poison.
   It lets you blink.
   It lets you go berserk.
   It makes you more stealthy.
Missiles
 h - 2 throwing nets (quivered)
Armour
 c - a +0 shield (worn)
 D - a +0 plate armour (worn)
 H - the +0 pair of gloves of Curioxi (worn) {MR+ Dex+2}
   (You bought it in a shop on level 8 of the Dungeon)

   It affects your dexterity (+2).
   It affects your resistance to hostile enchantments.
Jewellery
 i - an amulet of the gourmand (around neck)
 M - a +4 ring of evasion (right hand)
Wands
 b - a wand of disintegration (24)
 A - a wand of random effects (23)
 F - a wand of polymorph (29)
 I - a wand of flame (28)
 K - a wand of digging (10)
Scrolls
 a - a scroll of immolation {unknown}
 g - 3 scrolls of identify
 l - 4 scrolls of magic mapping {unknown}
 m - 8 scrolls of remove curse
 n - 3 scrolls of amnesia {unknown}
 o - 3 scrolls of teleportation {unknown}
 r - 2 scrolls of fog {unknown}
 t - 2 scrolls of enchant weapon {unknown}
 u - 2 scrolls of fear {unknown}
 v - a scroll of random uselessness {unknown}
 y - a scroll of enchant armour {unknown}
 G - a scroll of torment {unknown}
Potions
 d - 3 potions of might
 e - a potion of heal wounds {unknown}
 j - 2 potions of agility {unknown}
 k - 5 potions of curing
 p - a potion of ambrosia
 q - 2 potions of flight
 w - 2 potions of mutation
 x - a potion of magic
 z - 2 potions of degeneration
 B - 2 potions of brilliance
 C - a potion of invisibility
 E - 3 potions of lignification
Books
 J - a book of Frost

   Spells                             Type                      Level
   a - Freeze                         Ice                          1
   b - Throw Frost                    Conjuration/Ice              2
   c - Ozocubu's Armour               Charms/Ice                   3
   d - Throw Icicle                   Conjuration/Ice              4
   e - Summon Ice Beast               Ice/Summoning                4
Comestibles
 f - 25 rations
 L - 5 chunks of flesh


   Skills:
 + Level 11.2 Fighting
 * Level 18.9 Axes
 * Level 5.3 Armour
 - Level 3.2 Shields


You had 10 spell levels left.
You didn't know any spells.

Dungeon Overview and Level Annotations

Branches:
Dungeon (11/15)            Temple (1/1) D:5            Lair (0/6) D:11
    Orc (0/2) D:9

Altars:
Ashenzari
Cheibriados
Dithmenos
Elyvilon
Fedhas
Gozag
Hepliaklqana
Kikubaaqudgha
Makhleb
Nemelex Xobeh
Okawaru
Qazlal
Ru
Sif Muna
Trog
Uskayaw
Vehumet
Wu Jian
Xom
Yredelemnul
Zin
The Shining One

Shops:
D:4 (   D:5 [   D:6 !   D:8 *


Message History

The orc knight barely misses you. You block the orc warrior's attack.
You slash the orc knight! You burn the orc knight.
The orc knight is severely wounded.
The orc knight hits you with an uncursed great sword!
You hit the orc knight but do no damage.
The orc knight is severely wounded.
The orc warrior barely misses you.
You hit the orc knight but do no damage.
The orc knight is severely wounded.
The orc knight hits you but does no damage.
The orc warrior hits you from afar with a halberd!
You slash the orc knight! You burn the orc knight.
The orc knight is almost dead.
You feel like a meek peon again.
You hit the orc knight. You burn the orc knight.
The orc knight is almost dead.
You block the orc knight's attack.
The orc jeers noisily.
The orc warrior hits you from afar with a halberd!!!
You die...

..............######.........
........................F....
....................#####....
..........######...# .
..........# #...# ......
..........# #...# o..$..
..........# #...#####......
P.........######.............$
............oao@..............
.............o#######.........
..............#######.........
................oa.oo.(........
.................o..o..........
P...........##########.........
...........# #.........
...........##########.........
..............................


You could see an orc knight, an orc warrior, a worker ant and an orc.

Vanquished Creatures
  2 two-headed ogres
  An unseen horror (D:11)
  The ghost of Tovarisch the Cruncher, a novice MiGl (D:6)
  Pikel (D:9)
  The ghost of melvinkitnick the Ducker, a novice GnGl of Yredelemnul (D:5)
  A centaur zombie (D:10)
  A troll (D:10)
  A hippogriff (D:7)
  A centaur simulacrum (D:10)
  2 wyverns
  13 yaks
  The ghost of Gigax the Insei, an amateur OpMo (D:4)
  Edmund (D:4)
  A water moccasin (D:10)
  A porcupine (D:11)
  3 ice beasts
  7 orc warriors
  3 sky beasts
  An eye of draining (D:10)
  2 phantoms
  4 centaurs
  6 ogres
  A necrophage (D:7)
  2 big kobolds
  5 bullfrogs
  7 scorpions
  5 wights (D:10)
  A howler monkey (D:6)
  2 quasits
  8 hounds
  7 jellies
  3 centaur skeletons
  5 orc priests
  Terence (D:3)
  15 orc wizards
  7 worker ants
  A hound zombie (D:9)
  11 gnolls
  A howler monkey skeleton (D:7)
  9 adders
  3 shadow imps
  6 oozes
  2 adder skeletons
  An adder zombie (D:8)
  7 worms
  5 dart slugs
  8 leopard geckos
  44 orcs
  2 ball pythons
  6 giant cockroaches
  11 goblins
  6 hobgoblins
  22 jackals
  15 kobolds
  3 quokkas
  6 bats
  A frilled lizard (D:1)
  A jackal zombie (D:3)
  A quokka skeleton (D:6)
  A quokka zombie (D:5)
  21 rats
  3 fungi (D:11)
  A plant (D:11)
322 creatures vanquished.

Vanquished Creatures (others)
  An adder (D:9)
1 creature vanquished.

Grand Total: 323 creatures vanquished

Notes
Turn   | Place    | Note
-------+----------+-------------------------------------------
     0 | D:1      | Moloch the Hill Orc Fighter began the quest for the Orb.
     0 | D:1      | Reached XP level 1. HP: 19/19 MP: 1/1
    38 | D:1      | Reached skill level 3 in Axes
    51 | D:1      | Reached XP level 2. HP: 25/27 MP: 2/2
   216 | D:1      | Reached skill level 4 in Axes
   216 | D:1      | Reached XP level 3. HP: 33/33 MP: 3/3
   847 | D:2      | Reached XP level 4. HP: 33/41 MP: 4/4
   876 | D:2      | Reached skill level 5 in Axes
  1453 | D:2      | Found a deep blue altar of Sif Muna.
  1520 | D:3      | Reached XP level 5. HP: 40/47 MP: 5/5
  1559 | D:3      | Reached skill level 6 in Axes
  1574 | D:3      | Found a bloodstained altar of Trog.
  1755 | D:3      | Reached skill level 7 in Axes
  1955 | D:3      | Noticed Terence
  1964 | D:3      | Killed Terence
  1964 | D:3      | Reached XP level 6. HP: 38/53 MP: 6/6
  2389 | D:3      | Found a hazy altar of Hepliaklqana.
  2436 | D:3      | Found a white marble altar of Elyvilon.
  2648 | D:4      | Reached skill level 8 in Axes
  2656 | D:4      | Found a snail-covered altar of Cheibriados.
  2858 | D:4      | Noticed Gigax's ghost (amateur OpMo)
  2876 | D:4      | Killed Gigax's ghost
  2876 | D:4      | Reached skill level 5 in Fighting
  2876 | D:4      | Reached XP level 7. HP: 45/61 MP: 7/7
  2944 | D:4      | Reached skill level 9 in Axes
  3799 | D:4      | Noticed Edmund
  3809 | D:4      | Killed Edmund
  3835 | D:4      | Reached skill level 10 in Axes
  3839 | D:4      | Found Zyuhef's Weapon Shoppe.
  3852 | D:4      | Bought a +1 war axe of flaming for 186 gold pieces
  3987 | D:5      | Entered Level 5 of the Dungeon
  4102 | D:5      | Reached XP level 8. HP: 69/70 MP: 8/8
  4110 | D:5      | Noticed a moth of wrath
  4113 | D:5      | Found a bloodstained altar of Trog.
  4194 | D:5      | Noticed melvinkitnick's ghost (novice GnGl)
  4213 | D:5      | Killed melvinkitnick's ghost
  4213 | D:5      | Reached skill level 12 in Axes
  4555 | D:5      | Found a staircase to the Ecumenical Temple.
  4574 | Temple   | Entered the Ecumenical Temple
  4676 | D:5      | Found a glowing golden altar of the Shining One.
  4771 | D:5      | Found Kauh's Antique Armour Shoppe.
  4948 | D:6      | Reached skill level 13 in Axes
  4948 | D:6      | Reached XP level 9. HP: 78/78 MP: 9/9
  5238 | D:6      | Noticed Tovarisch's ghost (novice MiGl)
  5256 | D:6      | Killed Tovarisch's ghost
  5256 | D:6      | Reached skill level 14 in Axes
  5707 | D:6      | Found Viat's Distillery.
  5875 | D:6      | Reached skill level 15 in Axes
  6159 | D:6      | Found an ancient bone altar of Kikubaaqudgha.
  6162 | D:6      | Found a basalt altar of Yredelemnul.
  6165 | D:6      | Found a stormy altar of Qazlal.
  6358 | D:7      | Reached XP level 10. HP: 57/88 MP: 10/10
  6738 | D:7      | Reached skill level 16 in Axes
  7289 | D:7      | Found an iron altar of Okawaru.
  7297 | D:7      | Became a worshipper of Warmaster Okawaru
  7561 | D:8      | Found a sacrificial altar of Ru.
  7691 | D:8      | Found Desouw's Assorted Antiques.
  7703 | D:8      | Bought a pair of bloodstained gloves for 247 gold pieces
  7708 | D:8      | Identified the +0 pair of gloves of Curioxi {MR+ Dex+2} (You bought it in a shop on level 8 of the Dungeon)
  8158 | D:9      | Found a blossoming altar of Fedhas.
  8183 | D:9      | Found an ornate altar of the Wu Jian Council.
  8203 | D:9      | Reached skill level 17 in Axes
  8222 | D:9      | Reached * piety under Okawaru
  8427 | D:9      | Found a shimmering altar of Xom.
  8428 | D:9      | Found a radiant altar of Vehumet.
  8964 | D:9      | Reached XP level 11. HP: 96/97 MP: 11/11
  9002 | D:9      | Found a staircase to the Orcish Mines.
  9017 | D:9      | Noticed Pikel
  9037 | D:9      | Killed Pikel
  9037 | D:9      | Reached ** piety under Okawaru
  9076 | D:9      | Reached skill level 10 in Fighting
  9077 | D:9      | Reached skill level 18 in Axes
  9103 | D:9      | Found an iron altar of Okawaru.
  9326 | D:10     | Entered Level 10 of the Dungeon
  9677 | D:10     | Noticed a two-headed ogre
  9692 | D:10     | Killed a two-headed ogre
  9692 | D:10     | Reached *** piety under Okawaru
  9832 | D:10     | Got a pitted flail
  9838 | D:10     | Identified the +5 flail of Regicide {drain, +Blink +Rage rPois Stlth+} (You found it on level 10 of the Dungeon)
 10337 | D:11     | Noticed a two-headed ogre
 10349 | D:11     | Killed a two-headed ogre
 10410 | D:11     | Found a staircase to the Lair.
 10447 | D:11     | Found a shimmering altar of Xom.
 10775 | D:11     | Killed an unseen horror
 10775 | D:11     | Reached **** piety under Okawaru
 10775 | D:11     | Reached skill level 5 in Armour
 10819 | D:11     | Noticed an orc knight
 10860 | D:11     | Slain by an orc warrior

Skill      XL: |  1  2  3  4  5  6  7  8  9 10 11 |
---------------+----------------------------------+-----
Axes           | 3 4 5 7 8 10 13 15 17 18 | 18.9
Fighting       | 4 5 6 7 9 11 | 11.2
Armour         | 5 |  5.3
Shields        | |  3.2

Action                   |  1- 3 |  4- 6 |  7- 9 | 10-12 || total
-------------------------+-------+-------+-------+-------++-------
Melee: War axe           |   137 |   170 |   286 |   516 ||  1109
Throw: Throwing net      |       |       |     2 |       ||     2
Invok: Heroism           |       |       |       |     2 ||     2
  Use: Scroll            |       |       |       |    10 ||    10
 Stab: Held in net/web   |       |       |     2 |       ||     2
  Eat: Chunk             |     7 |    12 |    12 |    15 ||    46
Armor: Scale mail        |    55 |    75 |    42 |       ||   172
       Chain mail        |       |       |    31 |    24 ||    55
       Plate armour      |       |       |       |   123 ||   123
Dodge: Dodged            |    43 |    59 |    63 |    68 ||   233
Block: Shield            |    77 |    87 |   116 |   169 ||   449
